 Dungeon Crawl Stone Soup version 0.27.0-1-g7a089689b8 (webtiles) character file.

Game seed: 18289739491781937530

1898904 Lochraine the Slayer (level 25, 253/253 HPs)
             Began as a Minotaur Fighter on Aug 13, 2021.
             Was the Champion of Makhleb.
             Escaped with the Orb
             ... and 3 runes!
             The game lasted 02:45:25 (53007 turns).

Lochraine the Slayer (Minotaur Fighter)            Turns: 53007, Time: 02:45:26

Health: 253/253    AC: 37    Str: 31    XL:     25   Next: 83%
Magic:  36/36      EV: 16    Int:  8    God:    Makhleb [******]
Gold:   4322       SH: 22    Dex: 15    Spells: 24/24 levels left

rFire    + + +     SeeInvis .   w - +10 morningstar "Eos" {elec, Halo rElec}
rCold    + + +     Faith    .   a - +2 shield of Resistance {rF++ rC++ Will++}
rNeg     . . .     Spirit   .   j - +0 gold dragon scales
rPois    +         Reflect  +   N - +2 hat {Int+3}
rElec    +         Harm     .   g - +2 cloak
rCorr    +         Rampage  .   O - +2 pair of gloves {Dex+3}
Will     +++..     Rnd*Tele +   k - +0 pair of boots
Stlth    ..........             q - amulet of reflection
HPRegen  0.52/turn              e - ring of resist corrosion
MPRegen  0.25/turn              S - +4 ring of evasion

@: mighty, brilliant, resistant, flying, hasted (expiring), glowing, studying
Necromancy, very quick
A: horns 2, retaliatory headbutt, teleportitis 1
0: Orb of Zot
}: 3/15 runes: barnacled, silver, gossamer
a: Renounce Religion, Minor Destruction, Lesser Servant of Makhleb, Major
Destruction, Greater Servant of Makhleb


You escaped.
You worshipped Makhleb.
Makhleb was exalted by your worship.
You visited 9 branches of the dungeon, and saw 47 of its levels.
You also visited: Trove and Ice Cave.

You collected 6367 gold pieces.
You spent 2045 gold pieces at shops.

Inventory:

Hand Weapons
 w - the +10 morningstar "Eos" (weapon) {elec, Halo rElec}
   (You acquired it on level 5 of the Dungeon)

   It occasionally discharges a powerful burst of electricity upon striking a
   foe.
   It grants its wielder a halo, increasing accuracy against those within it.
   rElec:     It insulates you from electricity.
Missiles
 f - 69 boomerangs (quivered)
 B - 6 throwing nets {!f}
Armour
 a - the +2 shield of Resistance (worn) {rF++ rC++ Will++}
   (You bought it in a shop on level 13 of the Dungeon)

   rF:        It greatly protects you from fire.
   rC:        It greatly protects you from cold.
   Will:      It greatly increases your willpower.
 g - a +2 cloak (worn)
   (You took it off a draconian monk on level 2 of the Realm of Zot)
 j - +0 gold dragon scales (worn)
   (You found it on level 5 of the Depths)
 k - a +0 pair of boots (worn)
   (You found it on level 15 of the Dungeon)
 N - a +2 hat of intelligence (worn)
   (You took it off Gastronok on level 1 of the Lair of Beasts)
 O - a +2 pair of gloves of dexterity (worn)
   (You found it in an ice cave)
Jewellery
 e - a ring of resist corrosion (left hand)
   (You found it on level 10 of the Dungeon)
 q - an amulet of reflection (around neck)
   (You found it on level 3 of the Dungeon)
 I - a ring of flight
   (You bought it in a shop on level 10 of the Dungeon)
 R - the ring of the Greedy {Will+ Dex+6}
   (You took it off a tengu reaver on level 4 of the Depths)

   [ring of dexterity]

   Dex:       It affects your dexterity (+6).
   Will:      It increases your willpower.
 S - a +4 ring of evasion (right hand)
   (You found it on level 4 of the Lair of Beasts)
 T - an amulet of faith {!P}
   (You found it on level 3 of the Depths)
 U - a ring of protection from cold
   (You found it on level 3 of the Depths)
 V - an amulet of the acrobat
   (You took it off an orc warrior on level 5 of the Vaults)
 Z - a ring of protection from cold
   (You found it on level 6 of the Lair of Beasts)
Wands
 c - a wand of charming (33)
   (You found it in a treasure trove)
 d - a wand of iceblast (26)
   (You found it on level 8 of the Dungeon)
 t - a wand of flame (122)
   (You found it on level 2 of the Lair of Beasts)
 u - a wand of paralysis (31)
   (You found it on level 14 of the Dungeon)
 v - a wand of digging (14)
   (You found it on level 4 of the Lair of Beasts)
 x - a wand of acid (12)
   (You found it on level 12 of the Dungeon)
 z - a wand of polymorph (62)
   (You found it on level 4 of the Dungeon)
 W - a wand of mindburst (94)
   (You found it on level 6 of the Lair of Beasts)
Scrolls
 b - a scroll of summoning
 n - 5 scrolls of vulnerability {!r}
 o - a scroll of blinking
 r - 14 scrolls of identify {@r1}
 A - 9 scrolls of teleportation {@r4}
 C - 2 scrolls of immolation {!r}
 D - 2 scrolls of fog
 F - 6 scrolls of fear
 M - 3 scrolls of silence
Potions
 h - 7 potions of flight
 m - a potion of haste {@q3}
 s - 3 potions of berserk rage
 y - 4 potions of cancellation
 E - 16 potions of curing {@q1}
 G - a potion of lignification {!q}
 H - 5 potions of brilliance
 J - a potion of heal wounds {@q2}
 K - a potion of might
 L - a potion of magic
 Y - a potion of resistance
Miscellaneous
 i - a box of beasts
   (You found it in a treasure trove)
 l - a phial of floods
   (You found it in a treasure trove)
 p - a tin of tremorstones (2/2)
   (You found it in a treasure trove)
 P - a condenser vane
   (You found it in an ice cave)
 X - a phantom mirror
   (You found it on level 6 of the Lair of Beasts)


   Skills:
 + Level 26.0 Fighting
 - Level 16.0 Maces & Flails
 + Level 24.9 Armour
 - Level 9.1 Dodging
 - Level 15.1 Shields
 + Level 20.3 Invocations
 + Level 19.7 Evocations


You had 24 spell levels left.
You didn't know any spells.
Your spell library contained the following spells:

 Spells                   Type           Power      Damage    Failure   Level
 Animate Skeleton         Necr           0%         N/A       95%         1
 Apportation              Tloc           0%         N/A       95%         1
 Corona                   Hex            0%         N/A       95%         1
 Foxfire                  Conj/Fire      0%         2x1d4     95%         1
 Pain                     Necr           0%         1d4       95%         1
 Sting                    Tmut/Pois      0%         1d3       95%         1
 Summon Small Mammal      Summ           0%         N/A       95%         1
 Corpse Rot               Necr/Air       N/A        N/A       98%         2
 Ensorcelled Hibernation  Hex/Ice        0%         N/A       98%         2
 Passwall                 Tmut/Erth      0%         N/A       98%         2
 Poisonous Vapours        Pois/Air       0%         N/A       98%         2
 Conjure Flame            Conj/Fire      0%         6-21      100%        3
 Inner Flame              Hex/Fire       0%         N/A       100%        3
 Ozocubu's Armour         Ice            0%         N/A       100%        3
 Portal Projectile        Hex/Tloc       0%         N/A       100%        3
 Spider Form              Tmut/Pois      0%         N/A       100%        3
 Swiftness                Air            0%         N/A       100%        3
 Teleport Other           Tloc           0%         N/A       100%        3
 Tukima's Dance           Hex            0%         N/A       100%        3
 Vampiric Draining        Necr           0%         2d6       100%        3
 Animate Dead             Necr           0%         N/A       100%        4
 Cause Fear               Hex            0%         N/A       100%        4
 Dispel Undead            Necr           0%         3d6       100%        4
 Leda's Liquefaction      Hex/Erth       0%         N/A       100%        4
 Olgreb's Toxic Radiance  Pois           0%         N/A       100%        4
 Petrify                  Tmut/Erth      0%         N/A       100%        4
 Blade Hands              Tmut           0%         N/A       100%        5
 Bolt of Magma            Conj/Fire/Erth 0%         4d4       100%        5
 Excruciating Wounds      Necr           0%         N/A       100%        5
 Irradiate                Conj/Tmut      0%         3d14      100%        5
 Metabolic Englaciation   Hex/Ice        0%         N/A       100%        5
 Conjure Ball Lightning   Conj/Air       0%         3x3d6     100%        6
 Death Channel            Necr           0%         N/A       100%        6
 Invisibility             Hex            0%         N/A       100%        6
 Simulacrum               Ice/Necr       0%         N/A       100%        6
 Statue Form              Tmut/Erth      0%         N/A       100%        6
 Dragon Form              Tmut           0%         N/A       100%        7
 Haunt                    Necr/Summ      0%         N/A       100%        7
 Malign Gateway           Summ/Tloc      0%         N/A       100%        7
 Borgnjor's Revivificati  Necr           0%         N/A       100%        8
 Discord                  Hex            0%         N/A       100%        8
 Disjunction              Tloc           0%         N/A       100%        8
 Infestation              Necr           0%         N/A       100%        8
 Necromutation            Tmut/Necr      0%         N/A       100%        8
 Death's Door             Necr           0%         N/A       100%        9


Dungeon Overview and Level Annotations

Branches:
Dungeon (15/15)            Temple (1/1) D:5            Lair (6/6) D:8
 Shoals (4/4) Lair:3       Spider (4/4) Lair:2        Slime (0/5) Lair:5
    Orc (2/2) D:9             Elf (0/3) Orc:2        Vaults (5/5) D:14
  Crypt (0/3) Vaults:3     Depths (5/5) D:15            Zot (5/5) Depths:5
  IceCv (visited)

Altars:
Ashenzari
Cheibriados
Dithmenos
Elyvilon
Fedhas
Gozag
Hepliaklqana
Kikubaaqudgha
Makhleb
Nemelex Xobeh
Okawaru
Qazlal
Ru
Sif Muna
Trog
Uskayaw
Vehumet
Wu Jian
Xom
Yredelemnul
Zin
The Shining One
Beogh
Jiyva
Lugonu

Shops:
D:5 (((??   D:8 *((*[   D:10 =   D:13 ([   Orc:1 :   Orc:2 (((:   Vaults:2 (
Depths:4 :

Portals:
Hell: Depths:1 Depths:2 Depths:3 Depths:4 Depths:5
Abyss: Depths:1 Depths:2 Depths:3 Depths:4
Pandemonium: Depths:3
Ziggurat: Depths:5

Annotations:
D:9 4 runed translucent doors
D:13 3 runed translucent doors, qdestroyer's ghost, journeyman MiFi
Lair:5 1 runed translucent door
Spider:2 1 runed translucent door, MajorAdolf's ghost, adept NaWn
Vaults:2 3 runed translucent doors, exclusion: obsidian statue, Vaocoss's ghost, adept GrFi
Zot:3 1 runed translucent door, Sofait's ghost, legendary GnFE


Innate Abilities, Weirdness & Mutations

You have a pair of horns on your head.
You reflexively headbutt those who attack you in melee.
You are occasionally teleported next to monsters.


Message History

(D) Dungeon (T) Temple (L) Lair (A) Shoals (N) Spider Nest (M) Slime Pits (O) Orcish Mines (E) Elven Halls (V) Vaults (C) Crypt (U) Depths (H) Hell (Z) Zot
Where to? (Enter - D:1, ? - help)
What level of the Dungeon? (default 1, ? - help)
There is a stone staircase leading up here.
You climb upwards.
There is a stone staircase leading down here.
There is a stone staircase leading up here.
You climb upwards.
There is a stone staircase leading down here.
You see here a +0 robe.
An Executioner comes into view.
The Executioner gives a hideous shriek!
The Executioner gestures.
The Executioner seems to speed up.
You feel yourself speed up.
You impale the Executioner!! You block the Executioner's attack.
The Executioner misses you.
The Executioner hits you but does no damage. x2
The Executioner misses you.
The Executioner hits you but does no damage.
You hit the Executioner. You headbutt the Executioner.
The Executioner hits you but does no damage.
You block the Executioner's attack. x2
You thump the Executioner!
The Executioner hits you but does no damage.
You block the Executioner's attack. x2
You bludgeon the Executioner!!
You kill the Executioner!
Makhleb accepts your kill.
A rock wall.
This square is lit by a halo and is covered in magical glow.
The rock shatters into small pieces.
A rock wall.
This square is lit by a halo and is covered in magical glow.
The rock shatters into small pieces.
You feel very buoyant.
You fly up into the air.
You feel protected.
You feel very mighty all of a sudden.
You feel clever all of a sudden.
You see here 3 stones.
A rock wall.
This square is lit by a halo and is covered in magical glow.
The rock shatters into small pieces.
Your extra speed is starting to run out.
There is a staircase leading out of the dungeon here.
You have escaped!

.......((######.#
................#
.#######.########
.# #..## .#
#.#.#### .#
#.##≈≈≈♣## .#
#.#≈≈≈♣..# .#
#.#♣♣♣..### .#
#.'......@# .#
###♣♣♣..### .#
#≈≈≈♣.># .#
##≈≈≈♣## ## #####


There were no monsters in sight!

Vanquished Creatures
  An orb of fire (Zot:5)
  3 ancient liches
  A juggernaut (Zot:5)
  Sojobo (Vaults:2)
  4 Killer Klowns
  Saint Roka (Vaults:2)
  A caustic shrike (Depths:4)
  7 golden dragons
  2 curse toes
  2 bone dragons (Depths:5)
  2 electric golems
  A hellephant (Zot:5)
  14 tentacled monstrosities
  5 liches
  21 Orb Guardians
  3 titans
  Asterion (Vaults:3)
  2 quicksilver dragons
  Gastronok (Lair:1)
  An Executioner (D:1)
  5 sphinxes
  6 death cobs
  Kirke (D:12)
  8 shadow dragons
  11 draconian monks
  13 storm dragons
  Donald (Vaults:1)
  6 draconian knights
  7 tengu reavers
  15 vault wardens
  4 iron dragons
  12 fire giants
  An azure jelly (D:15)
  12 frost giants
  5 draconian scorchers
  A draconian stormcaller (Depths:5)
  Aizul (Spider:4)
  4 ghost moths
  2 orc warlords
  4 emperor scorpions
  3 draconian shifters
  A caustic shrike zombie (Depths:3)
  3 draconian annihilators
  A balrug (Depths:4)
  2 spriggan defenders
  15 ironbound preservers
  3 war gargoyles
  2 vampire knights (Depths:4)
  15 stone giants
  40 very ugly things
  Nessos (D:13)
  A lorocyproca (D:7)
  5 black draconians
  7 yellow draconians
  3 deep elf demonologists
  5 dire elephants
  2 green draconians
  3 purple draconians
  A minotaur (Shoals:4)
  5 entropy weavers
  5 white draconians
  12 spark wasps
  A merfolk javelineer (Shoals:4)
  2 merfolk impalers (Shoals:4)
  7 red draconians
  A blizzard demon (Zot:5)
  12 ettins
  3 deep elf high priests
  9 yaktaur captains
  13 fire dragons
  4 ironbound thunderhulks
  12 great orbs of eyes
  37 vault guards
  A merfolk avatar (Shoals:4)
  A caustic shrike simulacrum (IceCv)
  7 boulder beetles
  5 spriggan air magi
  4 rakshasas
  3 peacekeepers (Vaults:4)
  2 catoblepae
  9 hydras
  21 ice dragons
  11 ironbound frosthearts
  An anaconda (Zot:5)
  A death knight (D:12)
  3 two-headed ogres
  6 merfolk aquamancers
  An alligator (Lair:4)
  8 satyrs (Shoals:4)
  7 centaur warriors
  12 deep troll shamans
  3 dancing weapons (Zot:2)
  7 tengu warriors
  3 vampire magi
  7 deep troll earth magi
  5 ironbound beastmasters
  An orc high priest (Orc:2)
  7 hell knights
  A titan zombie (Vaults:4)
  Urug (D:13)
  5 spriggan berserkers
  Sonja (D:10)
  A sun demon (Depths:4)
  A shadow wraith (Vaults:3)
  12 iron trolls
  4 sea snakes
  2 flayed ghosts
  72 deep trolls
  7 skeletal warriors
  2 glowing orange brains
  An obsidian statue (IceCv)
  7 phantasmal warriors
  3 lindwurms
  Pikel (D:7)
  14 wizards
  6 orb spiders
  2 bog bodies (IceCv)
  A golden dragon skeleton (Depths:2)
  21 ironbound convokers
  4 harpies (Vaults:1)
  11 necromancers
  51 ugly things
  6 orc knights
  A shadow dragon skeleton (Vaults:4)
  2 sphinx zombies (Depths:3)
  19 wolf spiders
  9 cyclopes
  14 fauns
  12 manticores
  10 moths of wrath
  2 orc sorcerers
  A salamander (shapeshifter) (Depths:3)
  A stone giant zombie (D:15)
  An iron dragon skeleton (D:15)
  A smoke demon (Depths:4)
  6 black mambas
  11 elephants
  Joseph (D:7)
  An elf zombie (Depths:3)
  2 molten gargoyles (Lair:6)
  3 torpor snails
  19 vault sentinels
  12 merfolk sirens
  4 gargoyles
  4 water nymphs
  Maggie (D:9)
  17 cane toads
  A spriggan zombie (Depths:2)
  2 unseen horrors
  2 rime drakes (Lair:4)
  An unseen horror (shapeshifter) (Depths:3)
  3 anaconda simulacra (IceCv)
  A spark wasp simulacrum (Depths:3)
  A yaktaur (shapeshifter) (D:11)
  19 yaktaurs
  18 freezing wraiths
  5 tengu conjurers
  3 efreet
  11 komodo dragons
  A yaktaur zombie (Vaults:4)
  A tormentor (Zot:2)
  A spriggan skeleton (Depths:2)
  12 trolls
  An entropy weaver simulacrum (IceCv)
  15 demonic crawlers
  34 jumping spiders
  3 meliai (D:13)
  2 ice devils (IceCv)
  2 golden dragon simulacra (IceCv)
  2 polar bears (Lair:4)
  A wind drake (Shoals:4)
  9 hornets
  A hornet (shapeshifter) (D:14)
  7 merfolk
  23 blink frogs
  Prince Ribbit (D:5)
  A deep troll zombie (D:15)
  A fire dragon zombie (D:15)
  11 dream sheep
  21 slime creatures
  A fire giant simulacrum (Depths:3)
  5 snapping turtles
  A shadow (D:11)
  51 redbacks
  A centaur simulacrum (D:14)
  An ettin skeleton (Vaults:4)
  4 spriggans
  Sigmund (D:6)
  A vampire (D:12)
  2 wyverns
  14 water elementals
  A ynoxinul (Zot:5)
  4 dire elephant simulacra (IceCv)
  2 hogs (D:12)
  29 yaks
  22 tarantellas
  A hog (shapeshifter) (D:14)
  A fire bat (shapeshifter) (Depths:4)
  7 basilisks
  2 minotaur simulacra (IceCv)
  7 vampire mosquitoes (D:14)
  5 wargs
  Menkaure (D:4)
  3 steam dragons
  3 harpy simulacra
  2 floating eyes (shapeshifter)
  A hydra simulacrum (IceCv)
  19 water moccasins
  A floating eye (Depths:4)
  5 hell hounds (Lair:6)
  6 alligator simulacra (IceCv)
  An ice beast (D:3)
  A necrophage (D:8)
  2 elf simulacra
  A black bear (D:7)
  40 orc warriors
  2 ettin simulacra (IceCv)
  8 wolves
  7 ogres
  5 boggarts (D:14)
  31 centaurs
  A phantom (D:6)
  2 lemures (D:7)
  Blork the orc (D:5)
  5 kobold brigands
  A gnoll sergeant (D:7)
  10 bullfrogs
  4 scorpions
  A water moccasin zombie (D:6)
  A deep troll simulacrum (IceCv)
  2 killer bees (D:9)
  3 lindwurm simulacra (IceCv)
  13 wights
  10 electric eels
  3 howler monkeys
  3 centaur zombies
  3 lava snakes (Lair:6)
  5 hounds
  4 gnoll shamans
  27 orc priests
  A bullfrog skeleton (D:5)
  An iron imp (Depths:5)
  Jessica (D:3)
  2 iguanas
  An iguana (shapeshifter) (Depths:5)
  20 orc wizards
  4 yak simulacra (Lair:4)
  3 polar bear simulacra (Lair:4)
  4 wolf simulacra (Lair:4)
  A killer bee zombie (D:9)
  3 howler monkey zombies
  2 howler monkey skeletons (D:7)
  8 adders
  24 gnolls
  A shadow imp (D:7)
  2 white imps
  2 worms
  4 dart slugs
  85 orcs
  5 bats
  6 endoplasms
  3 giant cockroaches
  7 goblins
  5 hobgoblins
  7 jackals
  19 kobolds
  5 quokkas
  5 ball pythons
  3 frilled lizards
  5 rats
1813 creatures vanquished.

Vanquished Creatures (collateral kills)
  A juggernaut (Depths:4)
  2 sphinxes (Shoals:4)
  A fire giant (Vaults:5)
  A storm dragon (Zot:2)
  A ghost moth (Spider:4)
  An emperor scorpion (Spider:4)
  A vault warden (Vaults:3)
  A draconian shifter (Zot:2)
  A very ugly thing (Vaults:3)
  A red draconian (Zot:2)
  An entropy weaver (Vaults:3)
  A white draconian (Zot:2)
  A yaktaur captain (Vaults:1)
  A great orb of eyes (Depths:4)
  A vault guard (Vaults:3)
  A hydra (Lair:6)
  A deep troll shaman (Depths:1)
  An ironbound beastmaster (Vaults:3)
  A wizard (Vaults:1)
  3 ironbound convokers
  A lindwurm (Vaults:3)
  A necromancer (Depths:3)
  A wolf spider (Spider:4)
  3 slime creatures
  An ugly thing (Depths:1)
  A moth of wrath (Zot:3)
  An elephant (Lair:6)
  A vault sentinel (Vaults:3)
  A yaktaur (Vaults:3)
  2 merfolk (Shoals:4)
  A hornet (Spider:4)
  A redback (Spider:4)
  A killer bee (D:9)
  An orc wizard (D:9)
  8 orcs
48 creatures vanquished.

Vanquished Creatures (others)
  A fire giant (Vaults:5)
  A draconian knight (Zot:2)
  A draconian annihilator (Zot:2)
  An ettin (Depths:1)
  A boulder beetle (D:12)
  2 humans (D:12)
  2 orc warriors (Vaults:5)
  2 orcs
  A bush (Depths:3)
  31 fungi
  68 plants
  A withered plant (D:15)
112 creatures vanquished.

Grand Total: 1973 creatures vanquished

Notes
Turn   | Place    | Note
-------+----------+-------------------------------------------
     0 | D:1      | Lochraine the Minotaur Fighter began the quest for the Orb.
     0 | D:1      | Reached XP level 1. HP: 19/19 MP: 0/0
   192 | D:1      | Reached XP level 2. HP: 9/27 MP: 1/1
   523 | D:1      | Reached skill level 4 in Fighting
   636 | D:1      | Reached XP level 3. HP: 31/33 MP: 2/2
  1491 | D:2      | Found a faded altar of an unknown god.
  1678 | D:2      | Reached XP level 4. HP: 41/41 MP: 3/3
  2124 | D:3      | Noticed an ice beast
  2307 | D:3      | Noticed a scorpion
  2316 | D:3      | Killed a scorpion
  2317 | D:3      | Reached XP level 5. HP: 41/47 MP: 4/4
  2469 | D:3      | Killed an ice beast
  2470 | D:3      | Reached skill level 1 in Evocations
  2583 | D:3      | Reached skill level 5 in Fighting
  2588 | D:3      | Reached skill level 5 in Armour
  2658 | D:3      | Noticed Jessica
  2665 | D:3      | Killed Jessica
  2666 | D:3      | Reached XP level 6. HP: 56/56 MP: 5/5
  2990 | D:4      | Noticed Menkaure
  3069 | D:4      | Reached skill level 5 in Shields
  3556 | D:4      | Killed Menkaure
  3557 | D:4      | Reached XP level 7. HP: 58/61 MP: 6/6
  4069 | D:5      | Entered Level 5 of the Dungeon
  4123 | D:5      | Found Guroosix's Weapon Shop.
  4127 | D:5      | Found Onuteil's Magic Scroll Boutique.
  4160 | D:5      | Reached skill level 5 in Maces & Flails
  4168 | D:5      | Bought a scroll of teleportation for 39 gold pieces
  4168 | D:5      | Bought a scroll of blinking for 97 gold pieces
  4213 | D:5      | Reached skill level 6 in Fighting
  4428 | D:5      | Found Fomupiufa's Antique Weapon Boutique.
  4440 | D:5      | Noticed Blork the orc
  4447 | D:5      | Killed Blork the orc
  4448 | D:5      | Reached XP level 8. HP: 63/70 MP: 7/7
  4482 | D:5      | Found Heaten's Weapon Shop.
  4630 | D:5      | Found Lub Ciac's Magic Scroll Shop.
  4786 | D:5      | Identified a scroll of acquirement
  4787 | D:5      | Acquired 1248 gold pieces
  4872 | D:5      | Bought a scroll of acquirement for 624 gold pieces
  4872 | D:5      | Acquired the +10 morningstar "Eos" {elec, Halo rElec}
  4873 | D:5      | Found the +10 morningstar "Eos" {elec, Halo rElec}
  4906 | D:5      | Found a staircase to the Ecumenical Temple.
  4906 | D:5      | Noticed Prince Ribbit
  4914 | D:5      | Killed Prince Ribbit
  5227 | Temple   | Entered the Ecumenical Temple
  5470 | Temple   | Became a worshipper of Makhleb the Destroyer
  5668 | D:6      | Reached skill level 7 in Fighting
  5786 | D:6      | Reached * piety under Makhleb
  6057 | D:6      | Reached XP level 9. HP: 76/79 MP: 8/8
  6149 | D:6      | Noticed Sigmund
  6154 | D:6      | Killed Sigmund
  6207 | D:6      | Noticed a troll
  6214 | D:6      | Killed a troll
  6489 | D:7      | Noticed Pikel
  6491 | D:7      | Noticed Joseph
  6498 | D:7      | Killed Pikel
  6499 | D:7      | Reached skill level 8 in Fighting
  6499 | D:7      | Reached skill level 5 in Evocations
  6506 | D:7      | Killed Joseph
  6857 | D:7      | Reached ** piety under Makhleb
  6881 | D:7      | Reached XP level 10. HP: 78/90 MP: 9/9
  7473 | D:8      | Noticed a gargoyle
  7477 | D:8      | Found Ofrofie's General Store.
  7481 | D:8      | Killed a gargoyle
  7493 | D:8      | Reached skill level 9 in Fighting
  7650 | D:8      | Found a staircase to the Lair.
  7665 | D:8      | Found Veckur's Weapon Shop.
  7778 | D:8      | Found Editek's Antique Weapon Shoppe.
  7830 | D:8      | Found Cici Ygh's Armour Shop.
  7831 | D:8      | Found Kosepn's General Store.
  7919 | D:8      | Bought a scroll of enchant armour for 90 gold pieces
  7919 | D:8      | Bought a scroll of enchant armour for 90 gold pieces
  8484 | Lair:1   | Entered Level 1 of the Lair of Beasts
  8578 | Lair:1   | Reached *** piety under Makhleb
  8805 | Lair:1   | Noticed Gastronok
  8841 | Lair:1   | Killed Gastronok
  8842 | Lair:1   | Reached skill level 10 in Fighting
  8842 | Lair:1   | Reached skill level 10 in Armour
  8842 | Lair:1   | Reached skill level 10 in Shields
  8842 | Lair:1   | Reached XP level 11. HP: 99/99 MP: 10/10
  9441 | Lair:2   | Found a hole to the Spider Nest.
  9597 | Lair:2   | Reached skill level 10 in Maces & Flails
  9630 | Lair:2   | Noticed a four-headed hydra
  9638 | Lair:2   | Killed a four-headed hydra
 10449 | Lair:3   | Reached skill level 11 in Fighting
 10519 | Lair:3   | Noticed a seven-headed hydra
 10529 | Lair:3   | Killed a seven-headed hydra
 10529 | Lair:3   | Reached **** piety under Makhleb
 10595 | Lair:3   | Found a hazy altar of Hepliaklqana.
 10710 | Lair:3   | Reached XP level 12. HP: 110/110 MP: 11/11
 10889 | Lair:3   | Reached skill level 1 in Invocations
 10897 | Lair:3   | Found a staircase to the Shoals.
 11366 | Lair:4   | You fall into a shaft and drop 2 floors!
 11366 | Lair:6   | Entered Level 6 of the Lair of Beasts
 11368 | Lair:6   | Noticed a four-headed hydra
 11375 | Lair:6   | Killed a four-headed hydra
 11867 | Lair:4   | Noticed an alligator
 11867 | Lair:4   | Noticed a six-headed hydra
 11870 | Lair:4   | Reached skill level 12 in Fighting
 11885 | Lair:4   | Killed a six-headed hydra
 11894 | Lair:4   | Killed an alligator
 11896 | Lair:4   | Reached XP level 13. HP: 108/118 MP: 15/15
 12575 | Lair:4   | Reached ***** piety under Makhleb
 12984 | Lair:5   | Reached skill level 5 in Invocations
 12986 | Lair:5   | Reached skill level 1 in Dodging
 13043 | Lair:5   | Found a runed translucent door.
 13044 | Lair:5   | Found a viscous altar of Jiyva.
 13045 | Lair:5   | Found a staircase to the Slime Pits.
 14143 | Lair:6   | Found a large runed translucent door.
 14249 | Lair:6   | Noticed a fire dragon
 14361 | Lair:6   | Found a large runed translucent door.
 14690 | Lair:6   | Killed a fire dragon
 14982 | D:9      | Found a runed translucent door.
 15115 | D:9      | Found a runed translucent door.
 15171 | D:9      | Reached XP level 14. HP: 89/127 MP: 17/17
 15520 | D:9      | Noticed Maggie
 15527 | D:9      | Killed Maggie
 15629 | D:9      | Found an ornate altar of the Wu Jian Council.
 15647 | D:9      | Found a runed translucent door.
 15671 | D:9      | Found a runed translucent door.
 15803 | D:9      | Found a staircase to the Orcish Mines.
 15813 | Orc:1    | Entered Level 1 of the Orcish Mines
 15813 | Orc:1    | Found Lossiggyny's Book Boutique.
 16037 | Orc:2    | Entered Level 2 of the Orcish Mines
 16060 | Orc:2    | Reached ****** piety under Makhleb
 16066 | Orc:2    | Reached skill level 13 in Fighting
 16466 | Orc:2    | Noticed an orc warlord
 16542 | Orc:2    | Found an iron altar of Okawaru.
 16950 | Orc:1    | Killed an orc warlord
 17264 | Orc:2    | Found a staircase to the Elven Halls.
 17271 | Orc:2    | Reached skill level 10 in Evocations
 17753 | Orc:2    | Found Ziucianu's Weapon Boutique.
 17753 | Orc:2    | Found Wuf Buhuo's Antique Weapon Shoppe.
 17755 | Orc:2    | Found Hyuwowk's Weapon Emporium.
 17757 | Orc:2    | Found Siet's Book Shop.
 17860 | D:10     | Entered Level 10 of the Dungeon
 17913 | D:10     | Reached skill level 5 in Dodging
 18060 | D:10     | Found Ehusix's Jewellery Boutique.
 18061 | D:10     | Noticed Sonja
 18071 | D:10     | Killed Sonja
 18395 | D:10     | Identified the +1 ring mail of the Forest {Contam rPois
                  | MP+9 Dex+4}
 19043 | D:12     | Noticed Kirke
 19351 | D:12     | Killed Kirke
 19428 | D:12     | Acquired a manual of Fighting
 19449 | D:12     | Found a gate leading to a gauntlet.
 20011 | D:13     | Reached XP level 15. HP: 137/137 MP: 19/19
 20053 | D:13     | Noticed Nessos
 20057 | D:13     | Killed Nessos
 20112 | D:13     | Noticed Urug
 20123 | D:13     | Killed Urug
 20204 | D:13     | Found a runed translucent gate.
 20204 | D:13     | Noticed qdestroyer's ghost (journeyman MiFi)
 20205 | D:13     | Found a runed translucent gate.
 20205 | D:13     | Identified the +1 chain mail of Ziavayn {rElec}
 20206 | D:13     | Found a runed translucent gate.
 20229 | D:13     | Found Ehikh's Weapon Boutique.
 20249 | D:13     | Found a stormy altar of Qazlal.
 20659 | D:13     | Reached skill level 14 in Fighting
 20843 | D:13     | Found Lisut's Armour Shoppe.
 20847 | D:13     | Bought the +2 shield of Resistance {rF++ rC++ Will++} for
                  | 843 gold pieces
 20847 | D:13     | Found the +2 shield of Resistance {rF++ rC++ Will++}
 21502 | D:14     | Found a gate to the Vaults.
 22374 | D:15     | Entered Level 15 of the Dungeon
 22426 | D:15     | Found a broken altar of Ashenzari.
 22444 | D:15     | Found a frozen archway.
 22444 | D:15     | Noticed an azure jelly
 22453 | D:15     | Killed an azure jelly
 22464 | IceCv    | Entered an ice cave
 22702 | IceCv    | Reached skill level 15 in Fighting
 22822 | IceCv    | Found an ancient bone altar of Kikubaaqudgha.
 22949 | IceCv    | Noticed a lich
 22962 | IceCv    | Killed a lich
 22963 | IceCv    | Reached XP level 16. HP: 64/149 MP: 21/21
 23442 | D:15     | Found a staircase to the Depths.
 24399 | Shoals:1 | Entered Level 1 of the Shoals
 24749 | D:10     | Bought a ring of flight for 262 gold pieces
 25251 | Shoals:3 | Reached skill level 15 in Armour
 25277 | Shoals:4 | Entered Level 4 of the Shoals
 25357 | Shoals:4 | Reached skill level 16 in Fighting
 25454 | Shoals:4 | Identified the +6 plate armour of an ice cave {rPois}
 25469 | Shoals:4 | Reached skill level 15 in Shields
 25897 | Shoals:4 | Identified the +1 robe of the Ecumenical Temple {Int+3}
 25913 | Shoals:4 | Noticed a sphinx
 25915 | Shoals:4 | Noticed a sphinx
 25921 | Shoals:4 | Killed a sphinx
 25922 | Shoals:4 | Reached skill level 15 in Maces & Flails
 25926 | Shoals:4 | Killed a sphinx
 25936 | Shoals:4 | Got a barnacled rune of Zot
 25942 | Shoals:4 | Reached skill level 10 in Invocations
 26067 | Spider:1 | Entered Level 1 of the Spider Nest
 26187 | Spider:1 | Reached XP level 17. HP: 160/160 MP: 23/23
 26448 | Spider:1 | Reached skill level 17 in Fighting
 27616 | Spider:2 | Identified the +0 pair of boots of Kleptomania {Harm Will-
                  | Int+6}
 27641 | Spider:2 | Found a runed translucent door.
 27642 | Spider:2 | Noticed MajorAdolf's ghost (adept NaWn)
 28691 | Spider:4 | Entered Level 4 of the Spider Nest
 28710 | Spider:4 | Reached skill level 18 in Fighting
 28930 | Spider:4 | Noticed Aizul
 28940 | Spider:4 | Killed Aizul
 29386 | Spider:4 | Got a gossamer rune of Zot
 30047 | Vaults:1 | Entered Level 1 of the Vaults
 30080 | Vaults:1 | Reached XP level 18. HP: 130/174 MP: 25/25
 30218 | Vaults:1 | Reached skill level 19 in Fighting
 30407 | Vaults:1 | Noticed Donald
 30416 | Vaults:1 | Killed Donald
 31477 | Vaults:4 | Noticed a Hell Sentinel
 31888 | Vaults:4 | Reached skill level 20 in Fighting
 31998 | Vaults:4 | Found a portal to a secret trove of treasure.
 33192 | Vaults:4 | You paid a toll of a +4 demon trident to enter a treasure
                  | trove
 33193 | Trove    | Entered a treasure trove
 33343 | Vaults:4 | Noticed a tentacled monstrosity
 33349 | Vaults:4 | Killed a tentacled monstrosity
 33370 | Vaults:4 | Reached XP level 19. HP: 185/185 MP: 28/28
 34079 | Vaults:4 | Acquired 438 gold pieces
 34457 | Vaults:3 | Noticed Asterion
 34469 | Vaults:3 | Killed Asterion
 34579 | Vaults:3 | Found a staircase to the Crypt.
 34579 | Vaults:3 | Found a basalt altar of Yredelemnul.
 34579 | Vaults:3 | Found an ancient bone altar of Kikubaaqudgha.
 34726 | Vaults:3 | Got the Volume of Spatial Envenoming
 35555 | Vaults:3 | Identified the +7 falchion of the Valley {spect, rF- rC+
                  | Will+}
 35664 | Vaults:2 | Found Koschor's Weapon Shoppe.
 35859 | Vaults:2 | Noticed Sojobo
 35878 | Vaults:2 | Killed Sojobo
 35957 | Vaults:2 | Noticed Saint Roka
 35975 | Vaults:2 | Killed Saint Roka
 35976 | Vaults:2 | Reached skill level 21 in Fighting
 36398 | Vaults:2 | Reached XP level 20. HP: 198/198 MP: 29/29
 36867 | Vaults:2 | Found a runed translucent gate.
 36867 | Vaults:2 | Found a runed translucent gate.
 36867 | Vaults:2 | Found a runed translucent gate.
 36868 | Vaults:2 | Found an opulent altar of Gozag.
 36869 | Vaults:2 | Noticed Vaocoss's ghost (adept GrFi)
 37868 | Depths:1 | Entered Level 1 of the Depths
 37886 | D:15     | Reached skill level 15 in Invocations
 38074 | Depths:1 | Found a one-way gate to the infinite horrors of the Abyss.
 38094 | Depths:1 | Reached skill level 15 in Evocations
 38577 | Depths:1 | Found a gateway to Hell.
 38841 | Depths:1 | You fall into a shaft and drop 1 floor!
 39120 | Depths:2 | Reached XP level 21. HP: 206/206 MP: 31/31
 39396 | Depths:2 | Reached skill level 22 in Fighting
 39973 | Depths:2 | Found a corrupted altar of Lugonu.
 40855 | Depths:3 | Found a hide-covered altar of Uskayaw.
 40940 | Depths:3 | Found a one-way gate leading to the halls of Pandemonium.
 41374 | Depths:3 | Found a white marble altar of Elyvilon.
 41821 | Depths:4 | Reached XP level 22. HP: 200/209 MP: 33/33
 41862 | Depths:4 | Noticed a juggernaut
 41884 | Depths:4 | Noticed a golden dragon
 42299 | Depths:4 | Noticed a golden dragon
 42304 | Depths:4 | Reached skill level 23 in Fighting
 42643 | Depths:4 | Identified the ring of the Greedy {Will+ Dex+6}
 42661 | Depths:4 | Paralysed by a floating eye for 3 turns
 42681 | Depths:4 | Killed a golden dragon
 42779 | Depths:4 | Killed a golden dragon
 42911 | Depths:4 | Noticed a caustic shrike
 42925 | Depths:4 | Killed a caustic shrike
 43206 | Depths:4 | Killed a juggernaut
 43472 | Depths:4 | Found Mapryt's Book Emporium.
 43872 | Depths:5 | Entered Level 5 of the Depths
 44172 | Depths:5 | Noticed a golden dragon
 44185 | Depths:5 | Killed a golden dragon
 44283 | Depths:5 | Noticed a golden dragon
 44290 | Depths:5 | Killed a golden dragon
 44544 | Depths:5 | Found a gate to the Realm of Zot.
 44568 | Depths:5 | Reached XP level 23. HP: 185/227 MP: 34/34
 44978 | Depths:5 | Found a gateway to a ziggurat.
 45331 | Depths:5 | Found a snail-covered altar of Cheibriados.
 45756 | Vaults:5 | Entered Level 5 of the Vaults
 45842 | Vaults:5 | Noticed an ancient lich
 45861 | Vaults:5 | Killed an ancient lich
 45932 | Vaults:5 | Noticed an ancient lich
 45949 | Vaults:5 | Killed an ancient lich
 45950 | Vaults:5 | Reached skill level 24 in Fighting
 46042 | Vaults:5 | Identified the +2 leather armour of Repulsion {rF+}
 46620 | Vaults:5 | Got a silver rune of Zot
 47024 | Zot:1    | Entered Level 1 of the Realm of Zot
 47056 | Zot:1    | Reached XP level 24. HP: 207/239 MP: 35/35
 47452 | Zot:2    | Identified the ring of Tory {Ice Drain rN+ Str+3 SInv}
 49410 | Zot:2    | Reached skill level 25 in Fighting
 49656 | Zot:2    | Noticed an ancient lich
 49657 | Zot:2    | Found a stormy altar of Qazlal.
 49690 | Zot:2    | HP: 8/242 [electric golem/bolt of lightning (15)]
 49696 | Zot:2    | HP: 3/242 [electric golem/bolt of lightning (8)]
 50166 | Zot:3    | Noticed a Killer Klown
 50183 | Zot:3    | Killed a Killer Klown
 50204 | Zot:3    | Killed an ancient lich
 50392 | Zot:3    | You fall into a shaft and drop 1 floor!
 50501 | Zot:5    | Entered Level 5 of the Realm of Zot
 50808 | Zot:3    | Reached XP level 25. HP: 250/250 MP: 35/35
 51050 | Zot:3    | Found a runed translucent door.
 51051 | Zot:3    | Noticed Sofait's ghost (legendary GnFE)
 51793 | Zot:5    | Noticed a Killer Klown
 51839 | Zot:5    | Killed a Killer Klown
 51842 | Zot:5    | Noticed a Killer Klown
 51851 | Zot:5    | Killed a Killer Klown
 51919 | Zot:5    | Noticed an orb of fire
 51919 | Zot:5    | Gained mutation: You are occasionally teleported next to
                  | monsters. [an orb of fire]
 51934 | Zot:5    | Noticed a Killer Klown
 51937 | Zot:5    | Killed an orb of fire
 51944 | Zot:5    | Noticed a juggernaut
 51944 | Zot:5    | a Killer Klown changed into a juggernaut
 51950 | Zot:5    | Killed a juggernaut
 51951 | Zot:5    | Noticed a Killer Klown
 51973 | Zot:5    | Killed a Killer Klown
 52275 | Zot:5    | Got the Orb of Zot
 52348 | Zot:5    | Reached skill level 26 in Fighting
 52409 | Zot:3    | Noticed Plog the pandemonium lord
 52650 | D:15     | Noticed Ypseu the pandemonium lord
 53007 | D:$      | Escaped with the Orb!

Illustrated notes

Levels and vault maps discovered:
D:1:      saegor_arrival_simple_d, layout_loops_ring
D:2:      layout_basic, ebering_ecumenical_altar_webs
D:3:      layout_rooms, uniq_jessica
D:4:      layout_loops_ring, minivault_5, uniq_menkaure
D:5:      layout_basic, temple_green, serial_shops, shop_fountains,
          nicolae_stop_n_shop_1, nicolae_shop_temple_entry_statues_fountains,
          shop, shop_scrolls, uniq_prince_ribbit1, uniq_blork_the_orc
D:6:      layout_gridville, uniq_sigmund
D:7:      layout_gridville, uniq_pikel, uniq_joseph
D:8:      layout_loops_ring, erik_lair_island, serial_shops, shop, shop_statue,
          nicolae_shop_statue_plus, nicolae_shop_crystal, nicolae_stop_n_shop_1
D:9:      layout_cave_pools, kennysheep_mini, erik_orc_2,
          minmay_statue_crystal_thing, uniq_maggie
D:10:     layout_loops_ring, serial_shops, nicolae_lakefront_shop, uniq_sonja
D:11:     layout_rooms, hangedman_ranch
D:12:     layout_basic, gauntlet_entry_generic, minmay_checkerbox, uniq_kirke
D:13:     layout_basic, serial_shops, nicolae_diamond_shop, shop,
          biasface_ghost_orc_armoury, nicolae_qazlal_scattered_showers,
          uniq_urug, uniq_nessos
D:14:     layout_stronghold, skrybe_vaults_entry_preservation,
          hellmonk_bongcloud_opening
D:15:     gammafunk_depths_entry_grave, layout_basic,
          portal_ice_cave_entry_frozen_things, evilmike_ruin_ashenzari
Temple:   nicolae_temple_the_god_donut
Lair:1:   layout_gridlike, grunt_megastairs_3, uniq_gastronok
Lair:2:   layout_chaotic_city, spider_nest_entry_rubble, wad_woods_03
Lair:3:   layout_big_grid, elwin_shoals_entry_rooms, basic_altar,
          chequers_serial_rivers_small_3, wad_woods_road_05, grunt_megastairs_5
Lair:4:   nzn_winding_woodlands_cross [nzn_winding_woodlands_5x15_longhouse,
          nzn_winding_woodlands_5x15_river_crossing,
          nzn_winding_woodlands_5x15_cabin,
          nzn_winding_woodlands_5x15_concentric,
          nzn_winding_woodlands_15x15_killbox], layout_long_grid,
          eino_house_with_fridge
Lair:5:   layout_concentric_octagons, slime_altar_2
Lair:6:   cheibrodos_lair_end_hotspot, layout_hall_layers
Shoals:1: layout_shoals, uniq_jorgrun
Shoals:2: layout_shoals, nicolae_shoals_aquamancer_cove
Shoals:3: layout_shoals, nicolae_shoals_kraken_intersection
Shoals:4: shoals_end_hellmonk_lost_city
Spider:1: cheibrodos_forgotten_conduit
Spider:2: nicolae_spider_jumping_over_cracks [nicolae_spider_jumping_sub_moat,
          nicolae_spider_jumping_sub_grid, nicolae_spider_jumping_sub_lake,
          nicolae_spider_jumping_sub_offset], ebering_ghost_reflecting_pool,
          nicolae_spider_nooks_and_crannies
Spider:3: layout_spider_delve
Spider:4: spider_rune_water, uniq_aizul
Orc:1:    layout_caves, serial_shops, shop
Orc:2:    st_orc_rangers, layout_caves, basic_altar, okawaru_metal_pillars_1_2
Vaults:1: grunt_vaults_hallway_short, nicolae_vaults_network_quinsquares
          [nicolae_vaults_network_quincunx_subvault,
          nicolae_vaults_network_quincunx_subvault,
          nicolae_vaults_network_quincunx_subvault,
          nicolae_vaults_network_quincunx_subvault], v_misc_33, v_misc_31,
          vaults_standard_mumra_x, grunt_vaults_trifunnel,
          hangedman_vaults_slice, vaults_dpeg_cross, layout_vaults_omnibox,
          uniq_donald
Vaults:2: ebering_vaults_ghost_gozag, v_misc_12,
          nicolae_vaults_mini_display_case, nicolae_vaults_little_squares_1,
          st_more_cells, vaults_room_octagon, ontoclasm_vaults_ligature,
          vaults_mumra_minichess, vaults_room_grunt_arrival_ludios, v_rooms_2,
          ontoclasm_vaults_ring_small, hangedman_vaults_cutoff,
          ontoclasm_vaults_decontamination, nicolae_vaults_little_squares_3,
          layout_vaults_ring, serial_shops, shop, uniq_saint_roka, uniq_sojobo
Vaults:3: v_misc_9, dpeg_vaults_monster_row, v_pattern_1, vaults_dpeg_diagonal,
          v_rooms_6, minmay_crypt_entry_necro_gods, v_misc_26,
          vaults_room_door_ring, hangedman_vaults_slice, v_misc_14,
          vaults_dpeg_hooks, vaults_room_pools, layout_vaults_big_room,
          uniq_asterion
Vaults:4: nicolae_vaults_hallways_thing, ontoclasm_vaults_misaligned,
          v_pattern_5, nicolae_vaults_little_squares_4, st_smaller_cells,
          grunt_vaults_hallway_long, ontoclasm_vaults_chip,
          nicolae_vaults_network_s, v_alt_pattern_6, layout_vaults_maze_snakey,
          enter_trove_5, portal_desolation_entry_twin_temple
Vaults:5: serial_shops
Depths:1: layout_cave_pools, hell_entry, chequers_serial_rivers_micro_c,
          abyss_entry, grunt_ministairs_12, chequers_serial_rivers_micro_a,
          serial_bayou_lagoon_b, serial_bayou_shore_b, serial_bayou_shore_b
Depths:2: minmay_ornate_pinched, layout_small_grid, serial_co_window_serial,
          co_window_paths_b, co_window_cross_1, co_window_paths_a,
          co_window_corner_a, co_window_corner_a, co_window_broadway_b,
          co_window_cross_3, co_window_corner_b, glass_columns_a,
          glass_columns_a, hell_entry, abyss_entry_flame_altar
Depths:3: grunt_deathspiral_small, layout_cave_shapes, hell_entry,
          abyss_entry_crystal, nicolae_elyvilon_peaceful_grove, pan_entry,
          nicolae_uskayaw_murder_on_the_dancefloor
Depths:4: minmay_the_grid_square_5x5_4x4_mashed
          [minmay_the_grid_square_5x5_misaligned,
          minmay_the_grid_square_5x5_fat_x, minmay_the_grid_square_5x5_shuriken,
          minmay_the_grid_square_5x5_six,
          minmay_the_grid_square_5x5_beaten_path,
          minmay_the_grid_square_5x5_prize_open,
          minmay_the_grid_square_5x5_prize_junk,
          minmay_the_grid_square_5x5_detours,
          minmay_the_grid_square_5x5_minivault,
          minmay_the_grid_square_5x5_prize_rear_guard,
          minmay_the_grid_square_5x5_prize_pseudospiral,
          minmay_the_grid_square_5x5_inset,
          minmay_the_grid_square_5x5_hollow_slash,
          minmay_the_grid_square_5x5_one_wall, minmay_the_grid_square_5x5_lines,
          minmay_the_grid_square_5x5_checkered], layout_small_grid,
          lightli_too_deep, kennysheep_crisscross, serial_shops, shop,
          abyss_entry, lemuel_old_faithful, serial_bayou_shore_b,
          serial_bayou_shore_b, serial_bayou_shore_b
Depths:5: grunt_zot_entry_bicorn, layout_cave_shapes, enter_ziggurat_a,
          pf_vacation_house_of_asmodeus, serial_sigils,
          serial_sigils_hangedman_stare, serial_sigils_hangedman_clutch,
          serial_sigils_hangedman_quiver, serial_sigils_hangedman_gnaw,
          minmay_misc_feat_four_crosses, chei_slow_surprise
Zot:1:    layout_basic
Zot:2:    regret_index_qazlal_generations, layout_gridlike,
          guppyfry_library_mini
Zot:3:    layout_misc_corridors, ebering_ghost_reflecting_pool
Zot:4:    layout_gridlike, st_single_dragon_hoard_3
Zot:5:    layout_onion

Skill      XL: |  1  2  3  4  5  6  7  8  9 10 11 12 13 14 15 16 17 18 19 20 21 22 23 24 25 |
---------------+----------------------------------------------------------------------------+-----
Fighting       | 4 5 6 7 8 10 11 12 13 15 16 18 20 21 22 23 24 25 26 | 26.0
Shields        | 4 5 6 7 8 10 11 12 13 14 15 | 15.1
Armour         | 4 5 6 7 8 10 11 12 13 14 15 16 18 19 20 21 22 23 24 | 24.9
Maces & Flails | 3 4 5 6 8 9 10 11 12 13 14 15 16 | 16.0
Evocations     | 1 2 3 4 5 6 7 8 9 10 11 13 15 16 17 18 19 | 19.7
Invocations    | 4 6 7 8 10 11 13 14 15 16 17 18 19 20 | 20.3
Dodging        | 3 6 7 9 |  9.1

Action                   |  1- 3 |  4- 6 |  7- 9 | 10-12 | 13-15 | 16-18 | 19-21 | 22-24 | 25-27 || total
-------------------------+-------+-------+-------+-------+-------+-------+-------+-------+-------++-------
Melee: Whip              |   103 |    86 |    86 |       |       |       |       |       |       ||   275
       Flail             |     7 |       |       |       |       |       |       |       |       ||     7
       Headbutt          |    17 |    13 |    32 |    62 |   202 |   298 |   386 |   399 |   118 ||  1527
       Morningstar       |       |       |   101 |   336 |   988 |  1175 |  1238 |  1301 |   323 ||  5462
Throw: Boomerang         |       |       |       |     7 |       |       |       |     1 |       ||     8
Invok: Minor Destruction |       |       |       |     1 |    17 |    10 |     1 |     9 |     8 ||    46
       Lesser Servant of |       |       |       |     1 |     2 |     2 |     2 |       |     1 ||     8
       Greater Servant o |       |       |       |       |       |     6 |     7 |     9 |     1 ||    23
       Major Destruction |       |       |       |       |       |     5 |    11 |    40 |     5 ||    61
Evoke: Wand              |       |     3 |     7 |     5 |     1 |     2 |     7 |    10 |     4 ||    39
       Phantom mirror    |       |       |       |       |     1 |       |     1 |     1 |       ||     3
       Condenser vane    |       |       |       |       |       |     2 |     5 |     2 |       ||     9
       Phial of floods   |       |       |       |       |       |       |     2 |     2 |       ||     4
       Box of beasts     |       |       |       |       |       |       |     1 |     2 |       ||     3
       Tin of tremorston |       |       |       |       |       |       |       |     1 |       ||     1
  Use: Scroll            |       |       |     9 |     8 |    11 |     8 |     6 |    13 |     1 ||    56
       Potion            |       |       |       |     1 |     1 |       |     2 |     6 |     6 ||    16
 Stab: Distracted        |       |       |       |       |     1 |       |     1 |       |       ||     2
       Paralysed         |       |       |       |       |       |       |       |     4 |       ||     4
Armor: Scale mail        |    54 |    26 |    42 |    86 |   352 |    73 |       |       |       ||   633
       Plate armour      |       |       |       |       |       |   309 |   364 |   103 |       ||   776
       Gold dragon scale |       |       |       |       |       |       |       |   389 |    81 ||   470
Dodge: Dodged            |    34 |    19 |    39 |    84 |   327 |   299 |   347 |   457 |    73 ||  1679
Block: Kite shield       |    52 |    40 |   131 |   241 |   979 |  1114 |   902 |  1003 |   218 ||  4680
       Reflection        |       |       |     3 |     7 |    84 |    76 |    35 |    15 |     5 ||   225
